 Dungeon Crawl Stone Soup version 0.30-a0-141-g30f27751c5 (webtiles) character file.

Game seed: 7166867869096357517

270 qw the Chopper (level 6, -3/39 HPs)
             Began as a Gargoyle Fighter on Sept 25, 2022.
             Killed by an exploding butterfly (15 damage)
             ... ignited by their inner flame
             ... on level 4 of the Dungeon.
             The game lasted 00:01:07 (3418 turns).

qw the Chopper (Gargoyle Fighter)                   Turns: 3418, Time: 00:01:08

Health: -3/39      AC: 15    Str: 24 (25) XL:     6   Next: 22%
Magic:  6/6        EV:  7    Int:  9      God:
Gold:   137        SH:  4    Dex:  7 (9)  Spells: 5/5 levels left

rFire   . . .      SeeInvis .    Y - +2 war axe
rCold   . . .      Faith    .    c - +0 buckler
rNeg    + + .      Spirit   .    n - +1 chain mail of Gallantry {rElec rCorr Str+4 Slay+2}
rPois   inf        Reflect  .    (no helmet)
rElec   +          Harm     .    (no cloak)
rCorr   +          Rampage  .    f - +0 pair of gloves
Will    .....                    (no boots)
Stlth   ..........               (no amulet)
HPRegen 0.13/turn                m - ring of positive energy
MPRegen 0.10/turn                (no ring)

@: no status effects
A: sickness immunity, AC +4, negative energy resistance 1, electricity
resistance, torment resistance 1, petrification resistance
a: no special abilities


You were on level 4 of the Dungeon.
You visited 1 branch of the dungeon, and saw 4 of its levels.

You collected 170 gold pieces.
You spent 33 gold pieces at shops.


Innate Abilities, Weirdness & Mutations

You are immune to sickness and miasma.
Your stone body is resilient. (AC +4)
You are immune to poison.
You resist negative energy. (rN+)
You are resistant to electric shocks. (rElec)
You are resistant to unholy torment.
You are immune to petrification.


   Skills:
 - Level 4.3 Fighting
 + Level 5.2 Axes
 - Level 3.2 Armour
 - Level 3.2 Shields


You had 5 spell levels left.
You didn't know any spells.
Your spell library was empty.

Inventory:

Hand Weapons
 h - a +0 flail
 Y - a +2 war axe (weapon)
Armour
 c - a +0 buckler (worn)
 f - a +0 pair of gloves (worn)
 n - the +1 chain mail of Gallantry (worn) {rElec rCorr Str+4 Slay+2}
   (You found it on level 4 of the Dungeon)

   Str:       It affects your strength (+4).
   Slay:      It affects your accuracy & damage with ranged weapons and melee
   (+2).
   rElec:     It insulates you from electricity.
   rCorr:     It protects you from acid and corrosion.
Jewellery
 m - a ring of positive energy (left hand)
Scrolls
 j - a scroll of identify
Potions
 a - a potion of cancellation
 d - a potion of might
 e - a potion of lignification
 g - 2 potions of heal wounds
 k - 2 potions of curing
 l - a potion of mutation {unknown}

Dungeon Overview and Level Annotations

Branches:
Dungeon (4/15)
 Temple: D:4-7

Altars:
Ashenzari
Nemelex Xobeh
Ru
Yredelemnul

Shops:
D:1 *   D:3 =

Portals:
Ossuary: D:4


Message History

As you read the scroll labelled OZXISO LEODD, it crumbles to dust.
You hear the tinkle of a tiny bell.
It was a scroll of butterflies.
3411 ||| READING scroll labelled XIRODE YPIPS.
As you read the scroll labelled XIRODE YPIPS, it crumbles to dust.
The creatures around you are filled with an inner flame!
It was a scroll of immolation.
You swap places.
You swap places.
You swap places.
You swap places.
You swap places.
A quokka zombie and a goblin zombie come into view.
There is a sand-covered staircase here.
The quokka zombie closely misses your butterfly.
The goblin zombie hits your butterfly.
Your butterfly disappears in a burst of colours!
Your butterfly explodes!
The fiery explosion engulfs you!!
Ouch! That really hurt!
The fiery explosion engulfs your butterfly!!
Your butterfly disappears in a burst of colours!
The fiery explosion engulfs your butterfly!!
Your butterfly disappears in a burst of colours!
The fiery explosion engulfs the goblin zombie!!
You destroy the goblin zombie!
Your butterfly explodes!
The fiery explosion engulfs your butterfly!!
Your butterfly disappears in a burst of colours!
The fiery explosion engulfs your butterfly!!
Your butterfly disappears in a burst of colours!
Your butterfly explodes!
The fiery explosion engulfs your butterfly!!
Your butterfly disappears in a burst of colours!
Your butterfly explodes!
The fiery explosion engulfs your butterfly!!
Your butterfly disappears in a burst of colours!
The fiery explosion engulfs your butterfly!!!
Your butterfly disappears in a burst of colours!
Your butterfly explodes! x3
The fiery explosion engulfs you!
You die...

.#
##.....#.###
.#
###.......#
....
##....b..#
###
#........#
#......bb#
#.######b#
#.#¤.Z.#b#
#.#b¤###¤#
#.#@¤¤¤¤¤#
..#¤¤###¤#
..#¤.¤.#b.#
######bb#
...# ...#
..## ..##


You could see a quokka zombie.

Vanquished Creatures
  A hound (D:4)
  An orc priest (D:4)
  3 orc wizards (D:3)
  6 adders
  2 dart slugs (D:2)
  8 orcs (D:3)
  9 endoplasms
  3 giant cockroaches
  2 hobgoblins (D:1)
  4 quokkas
  9 ball pythons
  3 bats
  4 frilled lizards
  5 goblins
  A goblin zombie (D:4)
  3 kobolds
  4 rats
68 creatures vanquished.

Vanquished Creatures (others)
  3 withered plants (D:3)
3 creatures vanquished.

Grand Total: 71 creatures vanquished

Notes
Turn   | Place    | Note
-------+----------+-------------------------------------------
     0 | D:1      | qw the Gargoyle Fighter began the quest for the Orb.
     0 | D:1      | Reached XP level 1. HP: 14/14 MP: 1/1
     0 | D:1      | 0 ||| qw: Version: 0.2-a-10-g399e6c4
     0 | D:1      | 0 ||| qw: Game counter: 232
     0 | D:1      | 0 ||| qw: Always use a shield: true
     0 | D:1      | 0 ||| qw: God list: Okawaru
     0 | D:1      | 0 ||| qw: Allow faded altars: false
     0 | D:1      | 0 ||| qw: Do Orc after D:15 true
     0 | D:1      | 0 ||| qw: Do second Lair branch before Depths: true
     0 | D:1      | 0 ||| qw: Lair rune preference: random
     0 | D:1      | 0 ||| qw: Plans: Normal, Zot:1-4, God:TSO, Crypt, Tomb,
                  | Pan, Slime:5, Hells, Abyss, Orb
     0 | D:1      | 0 ||| PLANNING D:1-11
   191 | D:1      | Reached skill level 2 in Axes
   352 | D:1      | Reached XP level 2. HP: 19/19 MP: 2/2
   668 | D:1      | Found Aries's General Store.
   677 | D:1      | 677 ||| BUYING potion of curing (33 gold).
   677 | D:1      | Bought a potion of curing for 33 gold pieces
   677 | D:1      | 677 ||| SHOPLISTING potion of mutation (88 gold, have 11).
   945 | D:1      | 945 ||| READING scroll labelled LUERPH DACVI COIKK.
   949 | D:1      | 949 ||| READING scroll labelled IXTINT YXZINELOENG.
   950 | D:1      | 950 ||| READING scroll labelled KUZXUR CEYNI.
   951 | D:1      | 951 ||| READING scroll labelled DETIH RO HUMOIMN.
   952 | D:1      | 952 ||| DRINKING 3 smoky clear potions.
   969 | D:2      | 969 ||| Stepping ~*~*~tactically~*~*~ (hiding).
   974 | D:2      | Reached skill level 3 in Axes
  1245 | D:2      | Reached XP level 3. HP: 23/23 MP: 3/3
  1367 | D:2      | 1367 ||| Stepping ~*~*~tactically~*~*~ (hiding).
  1540 | D:2      | Found a broken altar of Ashenzari.
  1622 | D:2      | Reached XP level 4. HP: 27/28 MP: 4/4
  1987 | D:2      | 1987 ||| READING scroll labelled BUHY WUMIY.
  1988 | D:2      | 1988 ||| READING scroll labelled YTIMUHEROEP.
  2051 | D:3      | Reached skill level 4 in Axes
  2321 | D:3      | Found Viczette's Jewellery Boutique.
  2330 | D:3      | 2330 ||| SHOPLISTING +4 ring of slaying (936 gold, have
                  | 105).
  2330 | D:3      | 2330 ||| SHOPLISTING amulet "Kynevel" {Spirit Dex+2} (494
                  | gold, have 105).
  2330 | D:3      | 2330 ||| SHOPLISTING amulet of guardian spirit (360 gold,
                  | have 105).
  2330 | D:3      | 2330 ||| SHOPLISTING ring of fire (300 gold, have 105).
  2330 | D:3      | 2330 ||| SHOPLISTING ring of willpower (300 gold, have
                  | 105).
  2397 | D:3      | Found a faded altar of an unknown god.
  2430 | D:3      | Reached XP level 5. HP: 23/32 MP: 5/5
  2713 | D:3      | 2713 ||| READING scroll of enchant weapon.
  2713 | D:3      | 2713 ||| ENCHANTING +1 war axe.
  2742 | D:3      | 2742 ||| Stepping ~*~*~tactically~*~*~ (stealth).
  2752 | D:3      | Reached skill level 5 in Axes
  2842 | D:3      | 2842 ||| DROPPING +0 whip.
  2884 | D:3      | Found a sparkling altar of Nemelex Xobeh.
  2941 | D:3      | Found a broken altar of Ashenzari.
  3025 | D:3      | Found a basalt altar of Yredelemnul.
  3025 | D:3      | Found a sacrificial altar of Ru.
  3077 | D:3      | 3077 ||| UPGRADING to +0 pair of gloves.
  3082 | D:3      | 3082 ||| UPGRADING to ring of positive energy.
  3083 | D:3      | 3083 ||| DRINKING 2 metallic yellow potions.
  3084 | D:3      | 3084 ||| DRINKING 2 dark potions.
  3085 | D:3      | 3085 ||| READING 3 scrolls of identify.
  3085 | D:3      | 3085 ||| IDENTIFYING inky potion
  3086 | D:3      | 3086 ||| READING 2 scrolls of identify.
  3086 | D:3      | 3086 ||| IDENTIFYING brown potion
  3087 | D:3      | 3087 ||| DROPPING potion of invisibility.
  3088 | D:3      | 3088 ||| DROPPING potion of degeneration.
  3123 | D:4      | 3123 ||| PLANNING OSSUARY
  3136 | D:4      | Identified the +1 chain mail of Gallantry {rElec rCorr
                  | Str+4 Slay+2}
  3175 | D:4      | Reached XP level 6. HP: 39/39 MP: 6/6
  3287 | D:4      | 3287 ||| Stepping ~*~*~tactically~*~*~ (stealth).
  3300 | D:4      | 3300 ||| Stepping ~*~*~tactically~*~*~ (stealth).
  3301 | D:4      | 3301 ||| Stepping ~*~*~tactically~*~*~ (stealth).
  3398 | D:4      | Found a sand-covered staircase.
  3399 | D:4      | 3399 ||| UPGRADING to +1 chain mail of Gallantry {rElec
                  | rCorr Str+4 Slay+2}.
  3409 | D:4      | 3409 ||| DROPPING +0 scale mail.
  3410 | D:4      | 3410 ||| READING scroll labelled OZXISO LEODD.
  3411 | D:4      | 3411 ||| READING scroll labelled XIRODE YPIPS.
  3418 | D:4      | Killed by an exploding butterfly... ignited by their inner
                  | flame

Levels and vault maps discovered:
D:1:      amcnicky_arrival_gap_in_the_tavern_cellar, layout_loops_ring,
          serial_shops, nicolae_shop_advertising_works
          [nicolae_subvault_shop_adworks]
D:2:      minmay_door_path, layout_basic, basic_altar
D:3:      layout_loops_ring, gammafunk_temple_overflow_pools,
          mainiacjoe_overflow_big_doors, serial_shops, shop,
          ebering_ecumenical_altar_petrified
D:4:      layout_rooms, mainiacjoe_overflow_six_doors_small, enter_ossuary_4,
          minmay_manual_mullet

Skill      XL: |  1  2  3  4  5 |
---------------+----------------+-----
Axes           | 2 3 4 5 |  5.2
Fighting       | 4 |  4.3
Armour         | |  3.2
Shields        | |  3.2

Action                   |  1- 3 |  4- 6 || total
-------------------------+-------+-------++-------
Melee: War axe           |    89 |   122 ||   211
  Use: Scroll            |     4 |     7 ||    11
       Potion            |     1 |     2 ||     3
Armor: Scale mail        |    40 |    59 ||    99
Dodge: Dodged            |    36 |    42 ||    78
Block: Buckler           |    11 |    22 ||    33

Table legend:
 A = Non-vault XP
 B = Vault XP
 C = Vault XP percentage of total XP
 D = Non-vault monster count
 E = Vault monster count
 F = Vault count percentage of total count
                 A         B        C        D         E       F
            +---------+---------+-------+---------+---------+-------
      Total |     276 |     112 |  28.9 |      59 |       9 |  13.2
            +---------+---------+-------+---------+---------+-------
        D:1 |      27 |       0 |   0.0 |      18 |       0 |   0.0
        D:2 |      45 |      15 |  25.0 |      11 |       2 |  15.4
        D:3 |     204 |       0 |   0.0 |      30 |       0 |   0.0
        D:4 |       0 |      97 | 100.0 |       0 |       7 | 100.0
            +---------+---------+-------+---------+---------+-------
